 Dungeon Crawl Stone Soup version 0.29-a0-823-gc37b1572da (webtiles) character file.

Game seed: 4765928851349757243

59 LynnLen the Sneak (level 3, -2/19 HPs)
             Began as a Vampire Enchanter on July 8, 2022.
             Slain by Grinder (6 damage)
             ... on level 3 of the Dungeon on July 9, 2022.
             The game lasted 00:09:31 (1660 turns).

LynnLen the Sneak (Vampire Enchanter)               Turns: 1660, Time: 00:09:31

Health: -2/19      AC:  5    Str:  6    XL:     3   Next: 78%
Magic:  6/6        EV: 10    Int: 29    God:
Gold:   119        SH:  0    Dex: 13    Spells: 6/6 levels left

rFire   . . .      SeeInvis +   a - +2 dagger (protect)
rCold   + + .      Faith    .   (no shield)
rNeg    + + +      Spirit   .   d - +0 ring mail
rPois   ∞          Reflect  .   (no helmet)
rElec   .          Harm     .   (no cloak)
rCorr   .          Rampage  .   (no gloves)
Will    .....                   (no boots)
Stlth   +++++.....              (no amulet)
HPRegen 0.00/turn               f - +6 ring of intelligence
MPRegen 0.10/turn               (no ring)

@: bloodless, inhibited regen
A: bloodless, fangs 3, see invisible, vampiric 2, clever 1
a: Bat Form, Revivify


You were on level 3 of the Dungeon.
You visited 1 branch of the dungeon, and saw 3 of its levels.

You collected 119 gold pieces.

Inventory:

Hand Weapons
 a - a +2 dagger of protection (weapon)
Missiles
 e - 25 stones (quivered)
 h - 4 boomerangs
 k - 3 boomerangs of dispersal
Armour
 d - a +0 ring mail (worn)
Jewellery
 f - a +6 ring of intelligence (left hand)
 j - a ring of poison resistance
Scrolls
 b - a scroll of teleportation
 l - a scroll of poison
 m - a scroll of blinking {unknown}
Potions
 c - 2 potions of invisibility
 g - a potion of attraction
 n - a potion of mutation


   Skills:
 + Level 1.4 Short Blades
 * Level 2.9 Dodging
 * Level 6.3 Stealth
 + Level 2.0 Spellcasting
 + Level 4.7 Hexes


You had 6 spell levels left.
You didn't know any spells.
Your spell library contained the following spells:

 Spells                   Type           Power      Damage    Failure   Level
 Confusing Touch          Hex            30%        N/A       14%         3
 Tukima's Dance           Hex            30%        N/A       14%         3
 Ensorcelled Hibernation  Hex/Ice        32%        N/A       21%         2
 Dazzling Flash           Conj/Hex       32%        N/A       36%         3
 Frozen Ramparts          Ice            4%         1d2       71%         3
 Corpse Rot               Necr/Pois/Air  2%         N/A       98%         4
 Dispel Undead            Necr           2%         3d7       98%         4
 Ice Form                 Ice/Tmut       2%         N/A       98%         4
 Summon Ice Beast         Ice/Summ       2%         N/A       98%         4
 Death Channel            Necr           1%         N/A       100%        6


Dungeon Overview and Level Annotations

Branches:
Dungeon (3/15)

Altars:

Annotations:
D:3 3 runed translucent doors, Grinder; zhov's ghost, amateur MiHu


Innate Abilities, Weirdness & Mutations

You do not regenerate when monsters are visible.
You are frail without blood (-20% HP).
You can heal yourself when you bite living creatures.
You are immune to poison.
You have razor-sharp teeth.
You have supernaturally acute eyesight. (SInv)
You are afflicted with vampirism and can become a bat while bloodless.
Your mind is acute. (Int +4, Str/Dex -1)


Message History

Grinder hits you but does no damage.
You hit Grinder.
Grinder is heavily wounded.
Grinder hits you but does no damage.
You closely miss Grinder. You bite Grinder.
Grinder is heavily wounded.
Grinder blinks!
You barely miss Grinder. You bite Grinder.
Grinder is severely wounded.
Grinder hits you but does no damage.
You hit Grinder. You bite Grinder.
Grinder is severely wounded.
Grinder gestures at you.
You suddenly lose the ability to move!
Grinder hits you but does no damage.
You can move again.
You hit Grinder.
Grinder is severely wounded.
A jelly comes into view.
Grinder hits you.
Grinder blinks!
You start resting.
Grinder is nearby!
You closely miss Grinder.
Grinder is severely wounded.
You hit Grinder.
Your weapon exudes an aura of protection.
Grinder is severely wounded.
Grinder hits you!
* * * LOW HITPOINT WARNING * * *
It was a potion of mutation.
You feel extremely strange.
You feel clever. Grinder hits you but does no damage.
You barely miss Grinder. Your bite misses Grinder.
Grinder is severely wounded.
Grinder hits you but does no damage.
You closely miss Grinder.
Grinder is severely wounded.
Grinder hits you.
You die...

#############......
...................
#...#...#...#...... #########
........†.......... ..#.#..#
#...#...#..J###.... ##..)$.##
.............#### # .......#
#############...# ##.....## #.#
###5## #W..Z...# #.# #.@#
######+++###
#######.######.####.........#
.....................)#.....#
#########...######..######..###
....#######..####.............
......<...............#########
....########........#... #####
#.......###### #.......#


You could see Grinder and a jelly (wandering).

Vanquished Creatures
  3 adders
  An orc (D:3)
  7 ball pythons
  5 endoplasms
  A giant cockroach (D:2)
  2 goblins
  A hobgoblin (D:2)
  3 kobolds (D:2)
  5 bats (D:1)
  A frilled lizard (D:2)
  3 rats
32 creatures vanquished.

Notes
Turn   | Place    | Note
-------+----------+-------------------------------------------
     0 | D:1      | LynnLen the Vampire Enchanter began the quest for the Orb.
     0 | D:1      | Reached XP level 1. HP: 13/13 MP: 3/3
   282 | D:1      | Reached skill level 5 in Stealth
   301 | D:1      | Found a faded altar of an unknown god.
   333 | D:1      | Reached XP level 2. HP: 15/15 MP: 5/5
  1080 | D:2      | Gained mutation: You are afflicted with vampirism and can
                  | become a bat while bloodless. [Vampire growth]
  1080 | D:2      | Reached XP level 3. HP: 19/19 MP: 6/6
  1299 | D:2      | Reached skill level 6 in Stealth
  1576 | D:3      | Found a runed translucent gate.
  1577 | D:3      | Found a runed translucent gate.
  1578 | D:3      | Found a runed translucent gate.
  1579 | D:3      | Noticed zhov's ghost (amateur MiHu)
  1603 | D:3      | Noticed Grinder
  1610 | D:3      | Paralysed by Grinder for 4 turns
  1642 | D:3      | Paralysed by Grinder for 2 turns
  1658 | D:3      | Gained mutation: Your mind is acute. (Int +4, Str/Dex -1)
                  | [potion of mutation]
  1660 | D:3      | Slain by Grinder

Illustrated notes

Levels and vault maps discovered:
D:1:      nzn_arrival_settlement, layout_basic,
          hellmonk_ecumenical_altar_heavens_door,
          chequers_serial_rivers_micro_c, minmay_tripent
D:2:      layout_rooms, chequers_avenue
D:3:      layout_rooms, lemuel_coloured_pillars_altar,
          gammafunk_ghost_necromancy, minmay_rat_hole, uniq_grinder, uniq_robin

Skill      XL: |  1  2  3 |
---------------+----------+-----
Stealth        | 5 6 |  6.3
Short Blades   | |  1.4
Dodging        | |  2.9
Spellcasting   | |  2.0
Hexes          | |  4.7

Action                   || total
-------------------------++-------
Melee: Dagger            ||    94
       Bite              ||     8
Throw: Stone             ||     1
 Abil: Exsanguinate      ||     1
  Use: Scroll            ||    11
       Potion            ||     2
 Stab: Sleeping          ||    19
Armor: Ring mail         ||    33
Dodge: Dodged            ||    34

Table legend: (Time is in decaauts)
 A = Elapsed time spent in this place.
 B = Non-inter-level travel time spent in this place.
 C = Inter-level travel time spent in this place.
 D = Time resting spent in this place.
 E = Time spent auto-exploring this place.
 F = Levels seen in this place.
 G = Mean time per level.
                   A        B        C        D        E       F      G
               +--------+--------+--------+--------+--------+-----+--------+
         Total |   1653 |   1647 |      6 |    283 |    776 |   3 |  551.0 |
       Dungeon |   1653 |   1647 |      6 |    283 |    776 |   3 |  551.0 |
               +--------+--------+--------+--------+--------+-----+--------+

Top non-repeatable levels by time:
     D:1: 836 daAuts
     D:2: 704 daAuts
     D:3: 112 daAuts
